 Dungeon Crawl Stone Soup version 0.31.0-12-g77e489cdc1 (webtiles) character file.

Game seed: 15627011949984804587

375 monsoonserge the Magician (level 7, -6/46 HPs)
             Began as a Djinni Fire Elementalist on Feb 22, 2024.
             Mangled by Edmund
             ... wielding a +4 dire flail of holy wrath
              (9 damage)
             ... on level 4 of the Dungeon.
             The game lasted 00:09:48 (2987 turns).

monsoonserge the Magician (DjFE)                    Turns: 2987, Time: 00:09:50

Health: -6/46      AC:  3    Str:  7    XL:     7   Next: 3%
Gold:   191        EV: 12    Int: 18    God:
                   SH:  0    Dex: 14

rFire   + + .        t - +2 hand axe (freeze)
rCold   x . .        (no shield)
rNeg    . . .        a - +0 robe
rPois   ∞            (no helmet)
rElec   .            (no cloak)
rCorr   .            c - +0 pair of gloves
SInv    .            (boots unavailable)
Will    .....        (no amulet)
Stlth   ++           (no ring)
HPRegen 0.27/turn    (no ring)
MPRegen 0.00/turn

%: infuse magic (-7 HP)
@: flying, very slightly contaminated
A: sickness immunity, fire resistance 2, cold vulnerability 1, float, innate
caster, HP casting, extra vitality 1
a: no special abilities


You were on level 4 of the Dungeon.
You visited 1 branch of the dungeon, and saw 4 of its levels.

You collected 191 gold pieces.

Inventory:

Hand Weapons
 e - a +0 dagger of venom
 g - a +1 whip of electrocution
 t - a +2 hand axe of freezing (weapon)
Missiles
 p - a throwing net
 r - 6 poisoned darts (quivered)
Armour
 a - a +0 robe (worn)
 c - a +0 pair of gloves (worn)
 i - a +0 ring mail
 s - a +0 leather armour
Wands
 x - a wand of polymorph (5)
Scrolls
 h - a scroll of fear {unknown}
 k - a scroll of enchant weapon {unknown}
 l - a scroll of noise {unknown}
 m - 3 scrolls of identify {unknown}
 o - 5 scrolls of teleportation {unknown}
 q - a scroll of poison {unknown}
Potions
 b - 2 potions of brilliance {unknown}
 d - a potion of curing {unknown}
 f - a potion of invisibility {unknown}
 j - 2 potions of degeneration {unknown}
 n - a potion of heal wounds {unknown}
 u - 2 potions of ambrosia {unknown}
 v - a potion of lignification {unknown}
 w - a potion of enlightenment {unknown}


   Skills:
 + Level 0.3 Fighting
 + Level 0.2 Axes
 + Level 2.8 Dodging
 - Level 2.0 Stealth
 * Level 5.6 Spellcasting
 * Level 5.6 Conjurations
 * Level 5.6 Hexes
 * Level 5.6 Summonings
 * Level 5.6 Necromancy
 * Level 5.6 Translocations
 * Level 5.6 Fire Magic
 * Level 5.6 Ice Magic
 * Level 5.6 Air Magic
 * Level 5.6 Earth Magic
 * Level 5.6 Alchemy
 + Level 1.2 Evocations


You knew the following spells:

 Your Spells              Type           Power      Damage    Failure   Level
a - Foxfire               Conj/Fire      100%       2x1d9     1%          1
b - Scorch                Fire           50%        2d7       1%          2
c - Volatile Blastmotes   Fire/Tloc      50%        2d14      3%          3
d - Inner Flame           Hex/Fire       25%        N/A       3%          3
e - Flame Wave            Conj/Fire      25%        2d8       12%         4
f - Sandblast             Erth           50%        2d12      1%          1
g - Momentum Strike       Conj/Tloc      50%        3d9       1%          2
h - Jinxbite              Hex            50%        N/A       1%          2
Your spell library was empty.

Dungeon Overview and Level Annotations

Branches:
Dungeon (4/15)
 Temple: D:4-7

Altars:

Shops:
D:2 =

Annotations:
D:4 Edmund


Innate Abilities, Weirdness & Mutations

You are immune to sickness and miasma.
You are immune to poison.
Your flesh is very heat resistant. (rF++)
You are vulnerable to cold. (rC-)
You float through the air rather than walking.
You learn spells naturally, not from books.
Your magical power is your life essence.
You have superior vitality. (+4 MHP)


Message History

You are very lightly contaminated with residual magic.
Nothing appears to happen.
Ijyb zaps a wand.
The bolt of dispelling energy misses you.
Casting: Scorch (safe; 1% risk of failure)
Confirm with . or Enter, or press ? or * to list all spells.
Flames lash Ijyb.
Ijyb is heavily wounded.
Ijyb's fire resistance burns away.
Casting: Scorch (safe; 1% risk of failure)
Confirm with . or Enter, or press ? or * to list all spells.
Flames lash Ijyb.
Ijyb is burned terribly!
Ijyb is almost dead.
Ijyb hits you with a +0 dagger.
Edmund the Younger comes into view.
He is wielding a +4 dire flail of holy wrath and wearing a +3 ring mail of positive energy.
Casting: Scorch (safe; 1% risk of failure)
Confirm with . or Enter, or press ? or * to list all spells.
Casting: Flame Wave (quite dangerous; 13% risk of failure)
Press: ? - help, Dir - look around, f - activate A wave of flame ripples out!
The flame wave engulfs Ijyb!
Ijyb is burned terribly!
You kill Ijyb!
The flame wave engulfs Edmund.
Edmund is lightly wounded. (Press . to intensify the flame waves.) Edmund hits you with a +4 dire flail of holy wrath!
You have reached level 7!
The power to cast Jinxbite wells up from within.
Spell assigned to 'h'.
A wave of flame ripples out!
The flame wave engulfs Edmund!
Edmund is moderately wounded.
Edmund hits you with a +4 dire flail of holy wrath!
* * * LOW HITPOINT WARNING * * *
Unknown command.
A wave of flame ripples out!
The flame wave engulfs Edmund!
Edmund is heavily wounded.
* * * LOW HITPOINT WARNING * * *
You finish channelling waves of flame.
Edmund hits you with a +4 dire flail of holy wrath!
You die...
Edmund says, "That'll show my brother!"

#.# #.#..# #..P....##. #<#
#.###.# #####..###. .># ##.# #.#
#.## #. ### #[# ..# #.## #. ##.#
..# #..###. .# ..# #.#.##. .#..#
#..###. ########)@.# #......
#.......@# .. #..####
#.######.#.. #..#### #.# #.#.#
#...... #.# #...# #..##.. #.#
###.#.# #..##.. #.# #.....#
#..##.. #.# #.#.#.# #..##..
#####.# ##.#.#.# #..##..
#####...#.###....#.########......


You could see Edmund.

Vanquished Creatures
  An ogre (D:4)
  3 orc priests (D:3)
  Ijyb (D:4)
  An iguana (D:4)
  Robin (D:2)
  4 adders
  A shadow imp (D:3)
  16 orcs
  5 endoplasms
  3 giant cockroaches
  14 goblins
  8 hobgoblins
  3 jackals (D:1)
  4 kobolds
  A quokka (D:1)
  6 ball pythons
  4 bats
  4 frilled lizards
  4 rats
84 creatures vanquished.

Vanquished Creatures (others)
  188 foxfires
188 creatures vanquished.

Grand Total: 272 creatures vanquished

Notes
Turn   | Place    | Note
-------+----------+-------------------------------------------
     0 | D:1      | monsoonserge the Djinni Fire Elementalist began the quest
                  | for the Orb.
     0 | D:1      | monsoonserge set off with the following spells memorised:
                  | Foxfire, Scorch, Volatile Blastmotes, Inner Flame, Flame
                  | Wave.
     0 | D:1      | Reached XP level 1. HP: 15/15 MP: 0/0
   168 | D:1      | Reached XP level 2. HP: 15/21 MP: 0/0
  1123 | D:2      | Reached XP level 3. HP: 23/25 MP: 0/0
  1123 | D:2      | Learned a level 1 spell: Sandblast
  1160 | D:2      | Found a faded altar of an unknown god.
  1195 | D:2      | Found Ixziellorgh's Jewellery Emporium.
  1333 | D:2      | Noticed Robin
  1449 | D:2      | Reached XP level 4. HP: 26/31 MP: 0/0
  1573 | D:2      | Killed Robin
  1816 | D:3      | Reached XP level 5. HP: 34/35 MP: 0/0
  1816 | D:3      | Learned a level 2 spell: Momentum Strike
  2156 | D:3      | Reached skill level 5 in Spellcasting
  2156 | D:3      | Reached skill level 5 in Conjurations
  2156 | D:3      | Reached skill level 5 in Hexes
  2156 | D:3      | Reached skill level 5 in Summonings
  2156 | D:3      | Reached skill level 5 in Necromancy
  2156 | D:3      | Reached skill level 5 in Translocations
  2156 | D:3      | Reached skill level 5 in Fire Magic
  2156 | D:3      | Reached skill level 5 in Ice Magic
  2156 | D:3      | Reached skill level 5 in Air Magic
  2156 | D:3      | Reached skill level 5 in Earth Magic
  2156 | D:3      | Reached skill level 5 in Alchemy
  2156 | D:3      | Reached XP level 6. HP: 18/40 MP: 0/0
  2891 | D:4      | Noticed an ogre
  2899 | D:4      | Killed an ogre
  2900 | D:4      | Reached skill level 1 in Evocations
  2981 | D:4      | Noticed Ijyb
  2984 | D:4      | Noticed Edmund
  2985 | D:4      | Killed Ijyb
  2986 | D:4      | Reached XP level 7. HP: 20/46 MP: 0/0
  2986 | D:4      | Learned a level 2 spell: Jinxbite
  2987 | D:4      | Mangled by Edmund

Illustrated notes

Levels and vault maps discovered:
D:1:      lemuel_arrival_river_ford, layout_basic, palyth_stone_intersect,
          minmay_pentomino_u2
D:2:      layout_rooms, serial_shops, nicolae_shop_window_shopping,
          chequers_ecumenical_altar_simple_redux, uniq_robin
D:3:      layout_rooms
D:4:      layout_loops_ring, sigmund_edmund_badplayer, uniq_edmund, uniq_ijyb,
          uniq_sigmund

Skill      XL: |  1  2  3  4  5  6 |
---------------+-------------------+-----
Stealth        | 2 |  2.0
Spellcasting   | 4 5 |  5.6
Conjurations   | 4 5 |  5.6
Hexes          | 4 5 |  5.6
Summonings     | 4 5 |  5.6
Necromancy     | 4 5 |  5.6
Translocations | 4 5 |  5.6
Fire Magic     | 4 5 |  5.6
Ice Magic      | 4 5 |  5.6
Air Magic      | 4 5 |  5.6
Earth Magic    | 4 5 |  5.6
Alchemy        | 4 5 |  5.6
Evocations     | 1 |  1.2
Fighting       | |  0.3
Axes           | |  0.2
Dodging        | |  2.8

Action                     |  1- 3 |  4- 6 |  7- 9 || total
---------------------------+-------+-------+-------++-------
  Melee: Dagger            |     1 |       |       ||     1
         Hand axe          |       |     4 |       ||     4
   Cast: Foxfire           |    50 |    62 |       ||   112
         Scorch            |    13 |    29 |       ||    42
         Volatile Blastmot |     4 |     5 |       ||     9
         Flame Wave        |       |     1 |       ||     1
 Armour: Robe              |    11 |    10 |     2 ||    23
  Dodge: Dodged            |     5 |     7 |       ||    12
